AoeStats
← nauj1117

Arabia

505520749Analyzed
1v1 RM · 23d ago on Sep 9, 2026· 47m 47s· 2 players
Game mode
Random Map
Map size
Tiny (2 player)
Population
200
Speed
Normal
Resources
Standard
Victory
Conquest
Starting age
Dark Age
Ending age
Imperial Age
RankedLock teamsTeams togetherTeam positionsShared explorationLock speedFull tech treeHidden civsTurbo modeCheats
Victory
Defeat
🇨🇿 Ethiopians · Czechia
766
+17
🇲🇽 Poles · Mexico
788
-17
Mc Mefistofel
5:16 Loom
9:23 Feudal Age
10:28 Double-Bit Axe
11:55 Fletching
20:12 Castle Age
18:57 Horse Collar
20:13 Crossbowman
27:02 Bow Saw
29:30 Heavy Plow
30:21 Husbandry
31:09 Ballistics
31:31 Thumb Ring
36:26 Imperial Age
35:34 Bodkin Arrow
35:49 Forging
35:40 Padded Archer Armor
36:21 Gold Mining
36:22 Stone Mining
39:26 Chemistry
43:02 Gold Shaft Mining
43:02 Stone Shaft Mining
44:27 Heavy Camel Rider
44:30 Arbalester
nauj1117
10:03 Feudal Age
10:36 Loom
12:05 Horse Collar
18:58 Double-Bit Axe
21:22 Scale Barding Armor
21:28 Forging
23:36 Bloodlines
26:27 Gold Mining
28:21 Stone Mining
32:45 Castle Age
32:46 Padded Archer Armor
32:38 Fletching
35:34 Pikeman
36:16 Squires
36:04 Arson
37:20 Bodkin Arrow
40:48 Husbandry
40:10 Light Cavalry
45:09 Heavy Plow
45:41 Bow Saw
Connection lost

Rejoining the realm…

Still unreachable

The connection could not be restored.

Session expired

The server has moved on; the page needs a fresh start.